 Dungeon Crawl Stone Soup version 0.26-a0-505-g732bf3b8d2 (webtiles) character file.

Game seed: 6048503248091670025

4718 KristoblXynda the Covert (level 10, -2/71 HPs)
             Began as a Vampire Gladiator on Aug 9, 2020.
             Was a Follower of Ashenzari.
             Slain by a troll (8 damage)
             ... on level 9 of the Dungeon.
             The game lasted 00:12:14 (7129 turns).

KristoblXynda the Covert (Vampire Gladiator)        Turns: 7129, Time: 00:12:16

Health: -2/71      AC: 13    Str: 15    XL:     10   Next: 22%
Magic:  10/10      EV: 16    Int: 13    God:    Ashenzari [*.....]
Gold:   481        SH:  0    Dex: 15    Spells: 9/9 levels left

rFire    . . .     SeeInvis +   a - +0 long sword
rCold    + . .     Faith    .   (no shield)
rNeg     . . .     Spirit   .   e - +0 ring mail
rPois    .         Reflect  .   c - +0 helmet
rElec    +         Harm     .   (no cloak)
rCorr    .                      o - +4 pair of gloves of Old and Reckless {rElec} (curse)
MR       +....                  s - +0 pair of boots
Stlth    ++++......             l - amulet of the acrobat
HPRegen  0.41/turn              z - ring of protection from cold
MPRegen  0.12/turn              (no ring)

@: stab, regenerating quickly
A: fangs 3, see invisible, unbreathing
a: Exsanguinate, Curse Item, Scrying, Renounce Religion


You were on level 9 of the Dungeon.
You worshipped Ashenzari.
Ashenzari was aware of your devotion.
You visited 2 branches of the dungeon, and saw 10 of its levels.

You collected 514 gold pieces.
You spent 33 gold pieces at shops.

Inventory:

Hand Weapons
 a - a +0 long sword (weapon)
Missiles
 d - 5 throwing nets (quivered)
Armour
 b - a +0 buckler
 c - a +0 helmet (worn)
 e - a +0 ring mail (worn)
 o - the cursed +4 pair of gloves of Old and Reckless (worn) {rElec}
   (You found it on level 4 of the Dungeon)

   It insulates you from electricity.
   It has a curse placed upon it.
 s - a +0 pair of boots (worn)
Jewellery
 l - an amulet of the acrobat (around neck)
 n - an uncursed ring of ice
 z - a ring of protection from cold (left hand)
Wands
 y - a wand of paralysis (1)
Scrolls
 g - 3 scrolls of teleportation
 i - a scroll of immolation {unknown}
 k - a scroll of enchant weapon {unknown}
 p - a scroll of random uselessness {unknown}
 q - 4 scrolls of remove curse
 t - 2 scrolls of enchant armour {unknown}
 u - 2 scrolls of magic mapping {unknown}
 w - a scroll of noise {unknown}
 C - a scroll of silence {unknown}
 E - a scroll of amnesia {unknown}
 F - a scroll of identify
Potions
 f - 4 potions of flight
 h - a potion of curing
 j - a potion of lignification
 m - a potion of resistance
 r - a potion of stabbing
 v - 2 potions of might
 A - a potion of cancellation {unknown}
 B - a potion of mutation
 D - a potion of invisibility {unknown}


   Skills:
 - Level 4.0 Fighting
 + Level 8.2 Long Blades
 - Level 2.0 Throwing
 + Level 5.1 Armour
 + Level 8.9 Dodging
 + Level 11.1 Stealth


You had 9 spell levels left.
You didn't know any spells.
Your spell library was empty.

Dungeon Overview and Level Annotations

Branches:
Dungeon (9/15)             Temple (1/1) D:4
   Lair: D:8-11         Orc: D:9-12

Altars:
Ashenzari
Cheibriados
Dithmenos
Elyvilon
Fedhas
Gozag
Hepliaklqana
Kikubaaqudgha
Makhleb
Nemelex Xobeh
Okawaru
Qazlal
Ru
Sif Muna
Trog
Uskayaw
Vehumet
Wu Jian
Xom
Yredelemnul
Zin
The Shining One

Shops:
D:4 ?   D:7 :


Innate Abilities, Weirdness & Mutations

Your natural rate of healing is unusually fast.
You have razor-sharp teeth.
You have supernaturally acute eyesight. (SInv)
You can survive without breathing.


Message History

You slash the wight!
The wight is heavily damaged.
The wight hits you with a +0 flail.
* * * LOW HITPOINT WARNING * * *
You hit the wight.
The wight is severely damaged.
The wight completely misses you.
You slash the wight!
You destroy the wight!
You feel less wooden.
Your +0 helmet unmelds from your body.
The cursed +4 pair of gloves of Old and Reckless {rElec} unmelds from your body.
Your +0 pair of boots unmelds from your body.
Your +0 ring mail unmelds from your body.
Evoke which item? (* to show all) (? for menu, Esc to quit)
Aiming: Paralyse
Press: ? - help, Shift-Dir - straight line, f - troll
Aim: a troll (chance to defeat MR: 46%)
The troll resists with some effort.
The troll bites you!
You die...

......###.....).#
..... #.......#
...... #.......#
...... #.......#
.. ... #.......#
# #.##≈......#
#..zY......#
###T######## #@#
#......# ##$....#
.....# .....#
.....# .....#
######


You could see a troll, an ice beast and a wight.

Vanquished Creatures
  4 trolls (D:9)
  2 hippogriffs
  A vampire mosquito (D:6)
  An orc warrior (D:8)
  4 sky beasts
  2 ice beasts
  3 ogres
  3 centaurs
  Blork the orc (D:4)
  7 bullfrogs
  A scorpion (D:7)
  6 wights
  5 howler monkeys
  A bullfrog zombie (D:6)
  2 centaur zombies (D:8)
  A bullfrog skeleton (D:4)
  A jelly (D:6)
  8 orc priests
  6 orc wizards
  A centaur skeleton (D:5)
  6 iguanas
  6 worker ants
  A howler monkey zombie (D:5)
  2 worker ant zombies
  12 gnolls
  8 adders
  2 ufetubi
  2 oozes
  An adder skeleton (D:6)
  2 worms
  3 dart slugs
  2 leopard geckos
  19 orcs
  4 giant cockroaches
  4 hobgoblins
  23 jackals
  8 kobolds
  3 quokkas
  3 bats
  5 frilled lizards (D:2)
  A goblin (D:3)
  A leopard gecko skeleton (D:4)
  A leopard gecko zombie (D:2)
  4 rats
183 creatures vanquished.

Notes
Turn   | Place    | Note
-------+----------+-------------------------------------------
     0 | D:1      | KristoblXynda the Vampire Gladiator began the quest for the
                  | Orb.
     0 | D:1      | Reached XP level 1. HP: 16/16 MP: 1/1
    94 | D:1      | Reached XP level 2. HP: 19/22 MP: 2/2
   613 | D:2      | Found a basalt altar of Yredelemnul.
   678 | D:2      | Reached XP level 3. HP: 11/27 MP: 3/3
   758 | D:2      | Reached skill level 1 in Stealth
   802 | D:2      | Reached XP level 4. HP: 21/34 MP: 4/4
  1169 | D:2      | Reached skill level 2 in Stealth
  1464 | D:2      | Found a blossoming altar of Fedhas.
  1474 | D:2      | Reached XP level 5. HP: 35/39 MP: 5/5
  1623 | D:2      | Reached skill level 3 in Stealth
  2077 | D:3      | Found an ancient bone altar of Kikubaaqudgha.
  2095 | D:3      | Found a hazy altar of Hepliaklqana.
  2095 | D:3      | Found a hide-covered altar of Uskayaw.
  2218 | D:3      | You fall into a shaft and drop 2 floors!
  2218 | D:5      | Entered Level 5 of the Dungeon
  2218 | D:5      | Noticed an ogre
  2236 | D:5      | Killed an ogre
  2236 | D:5      | Reached XP level 6. HP: 6/47 MP: 6/6
  2246 | D:5      | Noticed a sky beast
  2283 | D:4      | Found a staircase to the Ecumenical Temple.
  2295 | Temple   | Entered the Ecumenical Temple
  2662 | Temple   | Became a worshipper of Ashenzari the Shackled
  2703 | D:4      | Reached skill level 4 in Stealth
  2849 | D:4      | Got the uncursed pair of gloves of Old and Reckless {rElec}
  2855 | D:4      | Identified the +4 pair of gloves of Old and Reckless
                  | {rElec} (You found it on level 4 of the Dungeon)
  2877 | D:4      | Found Habitiel's Magic Scroll Boutique.
  2904 | D:4      | Bought a scroll of remove curse for 33 gold pieces
  2992 | D:4      | Noticed Blork the orc
  3002 | D:4      | Killed Blork the orc
  3002 | D:4      | Reached skill level 5 in Dodging
  3010 | D:4      | Found a shadowy altar of Dithmenos.
  3130 | D:4      | Reached skill level 5 in Stealth
  3130 | D:4      | Reached XP level 7. HP: 51/53 MP: 7/7
  3534 | D:3      | Found a faded altar of an unknown god.
  3545 | D:3      | Reached skill level 5 in Long Blades
  3886 | D:5      | Reached skill level 1 in Armour
  3886 | D:5      | Reached skill level 6 in Stealth
  3984 | D:5      | Reached XP level 8. HP: 41/60 MP: 8/8
  4294 | D:5      | Reached * piety under Ashenzari
  4347 | D:5      | Reached skill level 7 in Stealth
  4751 | D:6      | Reached skill level 8 in Stealth
  4846 | D:6      | Found a glowing silver altar of Zin.
  5100 | D:6      | Reached XP level 9. HP: 49/65 MP: 9/9
  5410 | D:6      | Found a sacrificial altar of Ru.
  5599 | D:7      | Reached skill level 9 in Stealth
  5732 | D:7      | Found Bapn's Book Shoppe.
  6477 | D:8      | Reached skill level 10 in Stealth
  6870 | D:9      | Noticed a troll
  7011 | D:9      | Noticed a troll
  7015 | D:9      | Noticed a troll
  7030 | D:9      | Killed a troll
  7040 | D:9      | Killed a troll
  7040 | D:9      | Reached XP level 10. HP: 46/71 MP: 10/10
  7061 | D:9      | Reached skill level 5 in Armour
  7094 | D:9      | Reached skill level 11 in Stealth
  7129 | D:9      | Slain by a troll

Illustrated notes

Levels and vault maps discovered:
D:1:      wheals_arrival_shading, layout_loops_ring, minmay_misc_feat_rows
D:2:      layout_loops_ring, lemuel_crystal_altar, fedhas_altar_3
D:3:      minmay_wonky_spiral, layout_rooms, old_standard_altar,
          gammafunk_temple_overflow_pools, chequers_ecumenical_altar_simple
D:4:      layout_basic, kennysheep_mini_moat, minmay_temple_entry_purple_smoke,
          serial_shops, nicolae_shop_statue_plus, uniq_blork_the_orc
D:5:      layout_basic
D:6:      layout_loops_ring, nicolae_ru_sacrificial_ziggurat, basic_altar,
          minmay_microvault
D:7:      layout_basic, serial_shops, shop_coins, ebering_dispersal_statue_hall
D:8:      layout_loops_corners, grunt_ministairs_7
D:9:      layout_rooms, erik_lair_dragon, st_stairs_10
Temple:   eino_temple_scatter_basement

Skill      XL: |  1  2  3  4  5  6  7  8  9 10 |
---------------+-------------------------------+-----
Fighting       | 2 3 4 |  4.0
Throwing       | 2 |  2.0
Stealth        | 1 2 3 5 6 8 10 11 | 11.1
Dodging        | 4 5 7 8 |  8.9
Long Blades    | 4 5 6 7 8 |  8.2
Armour         | 1 3 4 5 |  5.1

Action                   |  1- 3 |  4- 6 |  7- 9 | 10-12 || total
-------------------------+-------+-------+-------+-------++-------
Melee: Long sword        |    50 |   180 |   439 |    77 ||   746
       Bite              |     6 |    23 |    90 |     1 ||   120
Throw: Throwing net      |       |     2 |       |       ||     2
Invok: Curse Item        |       |     1 |       |       ||     1
Evoke: Wand              |       |       |     3 |     4 ||     7
  Use: Potion            |       |     3 |     1 |     8 ||    12
       Scroll            |       |     3 |     4 |       ||     7
 Stab: Sleeping          |       |     7 |    13 |       ||    20
       Paralysed         |       |       |    10 |     4 ||    14
Armor: Ring mail         |     8 |    53 |   155 |     7 ||   223
       Leather armour    |     1 |       |       |       ||     1
       Skin              |       |       |       |   113 ||   113
Dodge: Dodged            |    34 |   128 |   434 |    23 ||   619
       Rpst.: Long sword |    10 |    53 |   142 |     2 ||   207

Table legend: (Time is in decaauts)
 A = Elapsed time spent in this place.
 B = Non-inter-level travel time spent in this place.
 C = Inter-level travel time spent in this place.
 D = Time resting spent in this place.
 E = Time spent auto-exploring this place.
 F = Levels seen in this place.
 G = Mean time per level.
                   A        B        C        D        E       F      G
               +--------+--------+--------+--------+--------+-----+--------+
         Total |   7203 |   6882 |    321 |    702 |   4226 |  10 |  720.3 |
       Dungeon |   6818 |   6505 |    313 |    536 |   4061 |   9 |  757.6 |
        Temple |    384 |    376 |      8 |    166 |    165 |   1 |  384.0 |
               +--------+--------+--------+--------+--------+-----+--------+

Top non-repeatable levels by time:
     D:5: 1004 daAuts
     D:2: 943 daAuts
     D:6: 846 daAuts
     D:4: 836 daAuts
     D:8: 825 daAuts
     D:1: 820 daAuts
     D:3: 755 daAuts
     D:7: 521 daAuts
  Temple: 384 daAuts
     D:9: 265 daAuts
